 Dungeon Crawl Stone Soup version 0.28.0-53-g5a82cb258f (webtiles) character file.

Game seed: 2600475155499479174

117 Sin92 the Skirmisher (level 4, -1/36 HPs)
             Began as a Demonspawn Fighter on June 7, 2022.
             Succumbed to a gnoll's poison
             ... on level 3 of the Dungeon.
             The game lasted 00:01:47 (2733 turns).

Sin92 the Skirmisher (Demonspawn Fighter)           Turns: 2733, Time: 00:01:48

Health: -1/36      AC: 10    Str: 16    XL:     4   Next: 71%
Magic:  4/4        EV: 10    Int: 10    God:
Gold:   86         SH:  5    Dex: 14    Spells: 3/3 levels left

rFire   . . .      SeeInvis .   a - +0 trident
rCold   . . .      Faith    .   c - +0 buckler
rNeg    . . .      Spirit   .   k - +4 ring mail
rPois   .          Reflect  .   (no helmet)
rElec   .          Harm     .   (no cloak)
rCorr   .          Rampage  .   (no gloves)
Will    .....                   l - +0 pair of boots
Stlth   +.........              (no amulet)
HPRegen 0.12/turn               (no ring)
MPRegen 0.09/turn               (no ring)

@: mighty, lethally poisoned (-1 -> -13)
A: claws 2
a: no special abilities


You were on level 3 of the Dungeon.
You visited 1 branch of the dungeon, and saw 3 of its levels.

You collected 86 gold pieces.

Inventory:

Hand Weapons
 a - a +0 trident (weapon)
Armour
 b - a +0 scale mail
 c - a +0 buckler (worn)
 k - a +4 ring mail (worn)
 l - a +0 pair of boots (worn)
Jewellery
 i - a +6 ring of strength
Wands
 j - a wand of flame (15)
Scrolls
 e - 2 scrolls of immolation {unknown}
 g - a scroll of identify {unknown}
 h - 2 scrolls of teleportation {unknown}
Potions
 m - a potion of mutation {unknown}


   Skills:
 + Level 3.6 Fighting
 + Level 2.5 Polearms
 + Level 3.2 Armour
 + Level 1.4 Dodging
 + Level 3.3 Shields


You had 3 spell levels left.
You didn't know any spells.
Your spell library was empty.

Dungeon Overview and Level Annotations

Branches:
Dungeon (3/15)

Altars:

Shops:
D:1 !   D:3 ?


Innate Abilities, Weirdness & Mutations

You have very sharp fingernails.


Message History

There is a stone staircase leading up here.
You feel very mighty all of a sudden. The gnoll hits you but does no damage.
The gnoll hits you from afar with a +0 spear. x2
You impale the gnoll!!
You kill the gnoll!
You block the gnoll's attack. The gnoll misses you.
Unknown command.
A kobold zombie comes into view.
The gnoll hits you from afar with a +0 halberd of venom!
You are poisoned.
The gnoll hits you but does no damage. x2
You see here a +0 club.
You barely miss the gnoll.
You feel very sick. You block the gnoll's attack.
The gnoll hits you with a +0 spear. x2
You impale the gnoll!!
You kill the gnoll!
You feel sick.
The gnoll hits you from afar with a +0 halberd of venom!
* * * LOW HITPOINT WARNING * * *
You are lethally poisoned!
You block the gnoll's attack. The gnoll barely misses you.
The gnoll closely misses you.
It was a potion of curing.
You feel better. The rat bites you but does no damage.
The gnoll hits you but does no damage.
You are poisoned.
The gnoll hits you with a +0 spear.
You barely miss the rat.
You feel sick. The rat bites you but does no damage.
The gnoll hits you from afar with a +0 halberd of venom.
* * * LOW HITPOINT WARNING * * *
You are lethally poisoned!
The gnoll barely misses you.
Unknown command.
You closely miss the rat.
* * * LOW HITPOINT WARNING * * *
You feel very sick. The rat barely misses you. The gnoll closely misses you. x2
You closely miss the rat.
You die...

#.8 .. ### .∩
8.# . ##. (.##
.. .8 ...#...
.#.......
####gw......
#.<@rgZ...#
#.....#####...#
.......## .
###..## #.. #.
< .#


You could see a worm, 2 gnolls, a kobold zombie and a rat.

Vanquished Creatures
  Jessica (D:2)
  2 gnolls (D:3)
  2 adders (D:2)
  4 worms (D:2)
  A dart slug (D:2)
  2 endoplasms
  5 giant cockroaches (D:2)
  5 goblins
  4 hobgoblins (D:1)
  3 kobolds
  4 quokkas
  A ball python (D:1)
  3 bats
  A frilled lizard (D:1)
  2 rats
40 creatures vanquished.

Notes
Turn   | Place    | Note
-------+----------+-------------------------------------------
     0 | D:1      | Sin92 the Demonspawn Fighter began the quest for the Orb.
     0 | D:1      | Reached XP level 1. HP: 18/18 MP: 1/1
   465 | D:1      | Found Hibisuch's Distillery.
   522 | D:1      | Gained mutation: You have sharp fingernails. [demonic
                  | ancestry]
   522 | D:1      | Reached XP level 2. HP: 24/24 MP: 2/2
  1477 | D:2      | Found a faded altar of an unknown god.
  1520 | D:2      | Noticed Jessica
  1525 | D:2      | Killed Jessica
  1526 | D:2      | Reached skill level 1 in Dodging
  1526 | D:2      | Gained mutation: You have very sharp fingernails. [demonic
                  | ancestry]
  1526 | D:2      | Reached XP level 3. HP: 21/29 MP: 3/3
  2056 | D:2      | Reached XP level 4. HP: 35/35 MP: 4/4
  2720 | D:3      | Found Yhapuppyuv's Magic Scroll Emporium.
  2733 | D:3      | Succumbed to a gnoll's poison

Illustrated notes

Levels and vault maps discovered:
D:1:      ncdulo_halloftheorcs, layout_loops_corners, serial_shops, shop,
          wander_ebering_terrifying_dragon_lair
D:2:      minmay_razor_zed, layout_basic, ebering_ecumenical_altar_mist,
          kennysheep_nub, uniq_jessica
D:3:      layout_rooms, old_standard_altar, dk_yredelemnul_ordeal,
          old_standard_altar, serial_shops, nicolae_shop_statue_plus,
          uniq_terence, uniq_sigmund

Skill      XL: |  1  2 |
---------------+-------+-----
Polearms       | 2 |  2.5
Armour         | 3 |  3.2
Dodging        | 1 |  1.4
Shields        | 3 |  3.3
Fighting       | |  3.6

Action                   |  1- 3 |  4- 6 || total
-------------------------+-------+-------++-------
Melee: Trident           |   107 |    36 ||   143
  Use: Potion            |       |     2 ||     2
Armor: Scale mail        |    33 |     4 ||    37
       Ring mail         |       |    13 ||    13
Dodge: Dodged            |    40 |    23 ||    63
Block: Buckler           |    13 |     6 ||    19
